 Dungeon Crawl Stone Soup version 0.27-a0-1135-g81dfa19a63 (webtiles) character file.

Game seed: 14489202797797779910

928 Bapho the Sneak (level 7, -9/42 HPs)
             Began as a Spriggan Enchanter on May 4, 2021.
             Was an Initiate of Dithmenos.
             Shot with an arrow by a centaur (12 damage)
             ... on level 5 of the Dungeon.
             The game lasted 00:23:06 (7624 turns).

Bapho the Sneak (Spriggan Enchanter)                Turns: 7624, Time: 00:23:06

Health: -9/42      AC:  2    Str:  4    XL:     7   Next: 85%
Magic:  7/15       EV: 17    Int: 16    God:    Dithmenos [......]
Gold:   219        SH:  0    Dex: 18    Spells: 10/16 levels left

rFire    . . .     SeeInvis +   a - +1 dagger
rCold    . . .     Faith    .   (shield restricted)
rNeg     . . .     Spirit   .   b - +0 robe
rPois    .         Reflect  .   (helmet restricted)
rElec    .         Harm     .   (no cloak)
rCorr    .         Rampage  .   (gloves unavailable)
Will     +....                  (boots unavailable)
Stlth    ++++......             (no amulet)
HPRegen  0.14/turn              (no ring)
MPRegen  0.14/turn              (no ring)

@: very quick
A: very small, no large weapons, unfitting armour, see invisible, speed 3
a: Renounce Religion


You were on level 5 of the Dungeon.
You worshipped Dithmenos.
Dithmenos was noncommittal.
You visited 2 branches of the dungeon, and saw 7 of its levels.
You also visited: Sewer.

You collected 219 gold pieces.

Inventory:

Hand Weapons
 a - a +1 dagger (weapon)
Armour
 b - a +0 robe (worn)
Jewellery
 d - a ring of poison resistance
 l - a ring of positive energy
Scrolls
 c - a scroll of blinking {unknown}
 f - a scroll of fog {unknown}
 i - a scroll of summoning {unknown}
 j - a scroll of teleportation {unknown}
 k - 2 scrolls of magic mapping {unknown}
 m - a scroll of holy word {unknown}
 n - 3 scrolls of identify {unknown}
 p - a scroll of amnesia
 r - a scroll of fear {unknown}
 s - a scroll of enchant weapon {unknown}
Potions
 e - a potion of haste
 g - a potion of resistance {unknown}
 h - a potion of flight {unknown}
 o - 3 potions of magic {unknown}
 q - a potion of mutation {unknown}


   Skills:
 - Level 7.1 Fighting
 - Level 1.1(5.7) Short Blades
 - Level 6.8(6.9) Long Blades
 - Level 2.6 Dodging
 - Level 7.5 Stealth
 + Level 5.2 Spellcasting
 + Level 6.3 Hexes


You had 10 spell levels left.
You knew the following spells:

 Your Spells              Type           Power      Damage    Failure   Level
a - Corona                Hex            26%        N/A       1%          1
b - Ensorcelled Hibernat  Hex/Ice        28%        N/A       6%          2
c - Tukima's Dance        Hex            24%        N/A       3%          3

Your spell library contained the following spells:

 Spells                   Type           Power      Damage    Failure   Level
 Confusing Touch          Hex            24%        N/A       3%          3
 Dazzling Flash           Conj/Hex       28%        N/A       12%         3
 Shock                    Conj/Air       16%        1d4       16%         1
 Static Discharge         Conj/Air       4%         N/A       22%         2
 Gell's Gravitas          Tloc           2%         N/A       41%         3
 Swiftness                Air            4%         N/A       41%         3
 Metabolic Englaciation   Hex/Ice        7%         N/A       75%         5
 Yara's Violent Unravell  Hex/Tmut       7%         3d5       75%         5
 Airstrike                Air            2%         N/A       83%         4
 Petrify                  Tmut/Erth      4%         N/A       83%         4
 Lightning Bolt           Conj/Air       2%         1d13      99%         5


Dungeon Overview and Level Annotations

Branches:
Dungeon (6/15)             Temple (1/1) D:4           Sewer (visited)

Altars:
Ashenzari
Cheibriados
Dithmenos
Elyvilon
Fedhas
Gozag
Hepliaklqana
Kikubaaqudgha
Nemelex Xobeh
Okawaru
Qazlal
Sif Muna
Uskayaw
Vehumet
Yredelemnul
Zin
The Shining One


Innate Abilities, Weirdness & Mutations

You are very small and have problems with some larger weapons.
You are too small for most types of armour.
You have supernaturally acute eyesight. (SInv)
You cover ground extremely quickly. (Speed+++)


Message History

Aiming: Ensorcelled Hibernation (safe; 6% risk of failure)
Press: ? - help, Shift-Dir - straight line, f - sky beast
Aim: a sky beast (slightly transparent, chance to affect: 45%)
The sky beast resists with some effort.
The centaur wields a +0 shortbow.
The centaur shoots an arrow.
The arrow hits you! The sky beast hits you. The sky beast shocks you.
* * * LOW HITPOINT WARNING * * *
Casting: Ensorcelled Hibernation (safe; 6% risk of failure)
Confirm with . or Enter, or press ? or * to list all spells.
Okay, then.
Okay, then.
As you read the scroll labelled CUIKHY CETRI, it crumbles to dust.
It is a scroll of amnesia.
Really abort (and waste the scroll)?
Okay, then.
The centaur shoots an arrow.
The arrow completely misses you. The sky beast barely misses you.
Casting: Ensorcelled Hibernation (safe; 6% risk of failure)
Confirm with . or Enter, or press ? or * to list all spells.
Aiming: Ensorcelled Hibernation (safe; 6% risk of failure)
Press: ? - help, Shift-Dir - straight line, f/p - sky beast
Aim: a sky beast (slightly transparent, chance to affect: 45%)
Okay, then.
Casting: Ensorcelled Hibernation (safe; 6% risk of failure)
Confirm with . or Enter, or press ? or * to list all spells.
Aiming: Tukima's Dance (dangerous; 3% risk of failure)
Press: ? - help, Shift-Dir - straight line, f - centaur, p - sky beast
Aim: a centaur, wielding a +0 shortbow and quivering arrows (not susceptible)
The +0 shortbow vibrates crazily for a second.
The centaur shoots an arrow.
The arrow hits you.
* * * LOW HITPOINT WARNING * * *
The sky beast completely misses you.
Casting: Tukima's Dance (dangerous; 3% risk of failure)
Confirm with . or Enter, or press ? or * to list all spells.
Aiming: Tukima's Dance (dangerous; 3% risk of failure)
Press: ? - help, Shift-Dir - straight line, f/p - centaur
Aim: a centaur, wielding a +0 shortbow and quivering arrows (not susceptible)
The centaur struggles to resist.
The centaur shoots an arrow.
The arrow hits you!
You die...

..# #.# #.# #.# #.# #.#
#Y# #@# #.# g. #.#
g..## #.#
#c...#c################
#..Z...............g
##...######....#...#
####..........#...#
+.).(......##..#


You could see a sky beast (invisible), a centaur and a water moccasin skeleton.

Vanquished Creatures
  3 bullfrogs
  2 scorpions
  An orc priest (D:4)
  A hound (D:4)
  An iguana (D:5)
  5 gnolls
  10 adders
  A worm (D:3)
  2 dart slugs
  5 orcs
  15 endoplasms
  13 giant cockroaches
  7 goblins
  5 hobgoblins
  24 jackals
  11 quokkas
  21 ball pythons
  4 bats
  18 frilled lizards
  6 kobolds
  5 rats
160 creatures vanquished.

Vanquished Creatures (collateral kills)
  An orc (D:4)
1 creature vanquished.

Vanquished Creatures (others)
  A dancing weapon (D:4)
1 creature vanquished.

Grand Total: 162 creatures vanquished

Notes
Turn   | Place    | Note
-------+----------+-------------------------------------------
     0 | D:1      | Bapho the Spriggan Enchanter began the quest for the Orb.
     0 | D:1      | Reached XP level 1. HP: 9/9 MP: 5/5
   628 | D:1      | Reached skill level 1 in Fighting
   628 | D:1      | Reached XP level 2. HP: 6/14 MP: 4/6
   631 | D:1      | Learned a level 2 spell: Ensorcelled Hibernation
  1188 | D:1      | Reached skill level 5 in Stealth
  1725 | D:1      | Reached XP level 3. HP: 14/18 MP: 0/8
  2677 | D:3      | Reached XP level 4. HP: 22/22 MP: 4/9
  3580 | D:3      | Learned a level 3 spell: Tukima's Dance
  4149 | D:4      | Noticed a scorpion
  4150 | D:4      | Killed a scorpion
  4151 | D:4      | Reached skill level 5 in Hexes
  4151 | D:4      | Reached XP level 5. HP: 25/25 MP: 11/11
  4234 | D:4      | Found a glowing drain.
  4281 | Sewer    | Entered a sewer
  4439 | Sewer    | Reached XP level 6. HP: 25/38 MP: 1/13
  5230 | Sewer    | Reached XP level 7. HP: 33/42 MP: 14/14
  6975 | D:4      | Found a staircase to the Ecumenical Temple.
  6987 | Temple   | Entered the Ecumenical Temple
  7208 | Temple   | Became a worshipper of Dithmenos the Shadowed
  7332 | D:4      | You fall into a shaft and drop 2 floors!
  7415 | D:5      | Entered Level 5 of the Dungeon
  7437 | D:5      | Reached skill level 5 in Spellcasting
  7520 | D:5      | Found a radiant altar of Vehumet.
  7624 | D:5      | Shot with an arrow by a centaur

Illustrated notes

Levels and vault maps discovered:
D:1:      dpeg_arrival_concentric_ovals, layout_loops_ring,
          chequers_decorated_corner
D:2:      layout_rooms, fountainhead
D:3:      layout_basic, amcnicky_mini_pool_small
D:4:      layout_layer_cave, minmay_temple_entry_proselytizer,
          gup_sewer_entry_pipe
D:5:      kennysheep_windowed_halls, layout_basic, lemuel_tele_altar
D:6:      layout_layer_cave
Temple:   eino_temple_scatter_basement

Skill      XL: |  1  2  3  4  5  6  7 |
---------------+----------------------+-----
Fighting       | 1 7 |  7.1
Stealth        | 5 6 7 |  7.5
Hexes          | 4 5 6 |  6.3
Spellcasting   | 3 4 5 |  5.2
Long Blades    | 6 |  6.8
Short Blades   | |  1.1
Dodging        | |  2.6

Action                   |  1- 3 |  4- 6 |  7- 9 || total
-------------------------+-------+-------+-------++-------
Melee: Dagger            |   141 |   162 |   192 ||   495
 Cast: Corona            |     6 |       |       ||     6
       Ensorcelled Hiber |    38 |    61 |    41 ||   140
       Tukima's Dance    |       |       |     6 ||     6
  Use: Potion            |       |     4 |       ||     4
       Scroll            |       |       |     1 ||     1
 Stab: Sleeping          |    34 |    43 |    26 ||   103
       Distracted        |       |     1 |       ||     1
Armor: Robe              |    17 |    12 |    15 ||    44
Dodge: Dodged            |   123 |   184 |   132 ||   439

Table legend: (Time is in decaauts)
 A = Elapsed time spent in this place.
 B = Non-inter-level travel time spent in this place.
 C = Inter-level travel time spent in this place.
 D = Time resting spent in this place.
 E = Time spent auto-exploring this place.
 F = Levels seen in this place.
 G = Mean time per level.
                   A        B        C        D        E       F      G
               +--------+--------+--------+--------+--------+-----+--------+
         Total |   6303 |   6240 |     63 |    615 |   4231 |   8 |  787.9 |
       Dungeon |   4597 |   4547 |     50 |    491 |   3135 |   6 |  766.2 |
        Temple |    162 |    149 |     13 |      0 |    140 |   1 |  162.0 |
         Sewer |   1543 |   1543 |      0 |    124 |    955 |   1 | 1543.0 |
               +--------+--------+--------+--------+--------+-----+--------+

Top non-repeatable levels by time:
     D:1: 1599 daAuts
   Sewer: 1543 daAuts
     D:3: 1240 daAuts
     D:4: 788 daAuts
     D:2: 776 daAuts
  Temple: 162 daAuts
     D:5: 141 daAuts
     D:6: 50 daAuts
